TOP OF THE 1ST |
Purdue Boilermakers batting - Pitching for Virginia Cavaliers : RHP Bill Ward
|
Pitching: RHP Bill Ward
|
|
Batting: LHB Richard Brooks
|
0-0: Swinging Strike 0-1: Fly out, F3 (Line Drive, 3)
|
Batting: LHB Ray Bryant
|
0-0: Called Strike 0-1: Foul Ball, location: 2F 0-2: Ball 1-2: Strikes out swinging
|
Batting: RHB John Martin
|
0-0: Ball 1-0: Ball 2-0: Ball 3-0: Called Strike 3-1: Foul Ball, location: 2F 3-2: Foul Ball, location: 2F 3-2: Base on Balls
|
Batting: RHB Robby Lewis
|
0-0: Foul Ball, location: 2F 0-1: Foul Ball, location: 2F 0-2: Ball 1-2: Ground out 1-3 (Groundball, 15S)
|
Top of the 1st over - 0 run(s), 0 hit(s), 0 error(s), 1 left on base; Purdue 0 - Virginia 0 |
BOTTOM OF THE 1ST |
Virginia Cavaliers batting - Pitching for Purdue Boilermakers : RHP Henry Webster
|
Pitching: RHP Henry Webster
|
|
Batting: LHB John Frost
|
0-0: Foul Ball, location: 2F 0-1: Foul Ball, location: 2F 0-2: Foul Ball, location: 2F 0-2: Ball 1-2: SINGLE (Groundball, 3D)
|
Batting: RHB Curt Owens
|
0-0: Called Strike 0-1: Foul Ball, location: 2F 0-2: Ball 1-2: Hit by Pitch John Frost to second
|
Batting: RHB John Warren
|
0-0: Ball 1-0: Grounds into double play, 1-6-3 (Groundball, 15) John Frost to third
|
Batting: LHB José Márquez
|
0-0: Ball 1-0: Foul Ball, location: 2F 1-1: Called Strike 1-2: 2-RUN HOME RUN (Flyball, 9LD), Distance : 329 ft
|
Batting: RHB Rafael Ornelas
|
0-0: Ball 1-0: SINGLE (Line Drive, 78S)
|
Batting: RHB John Dorsey
|
0-0: Ground out 5-3 (Groundball, 6)
|
Bottom of the 1st over - 2 run(s), 3 hit(s), 0 error(s), 1 left on base; Purdue 0 - Virginia 2 |
TOP OF THE 2ND |
Purdue Boilermakers batting - Pitching for Virginia Cavaliers : RHP Bill Ward
|
Batting: RHB Glenn Broadwater
|
0-0: Fly out, F4 (Popup, 4S)
|
Batting: RHB Norm Scott
|
0-0: Fly out, F6 (Line Drive, 6)
|
Batting: SHB Ben Summers
|
0-0: Fly out, F5 (Line Drive, 5S)
|
Top of the 2nd over - 0 run(s), 0 hit(s), 0 error(s), 0 left on base; Purdue 0 - Virginia 2 |
BOTTOM OF THE 2ND |
Virginia Cavaliers batting - Pitching for Purdue Boilermakers : RHP Henry Webster
|
Batting: RHB David Crosby
|
0-0: Ball 1-0: SINGLE (Line Drive, 56)
|
Batting: RHB Ty Ford
|
0-0: Ball 1-0: Swinging Strike 1-1: Foul Ball, location: 2F 1-2: Ball 2-2: Ball 3-2: Strikes out swinging
|
Batting: RHB Flynn Green
|
0-0: Called Strike 0-1: Ball 1-1: Ground out 5-3 (Groundball, 56S) David Crosby to second
|
Batting: LHB John Frost
|
0-0: Hit by Pitch
|
Batting: RHB Curt Owens
|
0-0: Foul Ball, location: 2F 0-1: Ball 1-1: Ball 2-1: Foul Ball, location: 2F 2-2: Ball 3-2: Foul Ball, location: 2F 3-2: Foul Ball, location: 2F 3-2: Base on Balls David Crosby to third John Frost to second
|
Batting: RHB John Warren
|
0-0: Ball 1-0: Foul Ball, location: 2F 1-1: Called Strike 1-2: Foul Ball, location: 2F 1-2: Ball 2-2: Strikes out swinging
|
Bottom of the 2nd over - 0 run(s), 1 hit(s), 0 error(s), 3 left on base; Purdue 0 - Virginia 2 |
TOP OF THE 3RD |
Purdue Boilermakers batting - Pitching for Virginia Cavaliers : RHP Bill Ward
|
Batting: RHB Juan Castillo
|
0-0: Fly out, F4 (Popup, 4D)
|
Batting: RHB Bill Crawley
|
0-0: Called Strike 0-1: Swinging Strike 0-2: Strikes out looking
|
Batting: LHB Richard Brooks
|
0-0: Called Strike 0-1: Fly out, F8 (Flyball, 8RM)
|
Top of the 3rd over - 0 run(s), 0 hit(s), 0 error(s), 0 left on base; Purdue 0 - Virginia 2 |
BOTTOM OF THE 3RD |
Virginia Cavaliers batting - Pitching for Purdue Boilermakers : RHP Henry Webster
|
Batting: LHB José Márquez
|
0-0: Ball 1-0: SOLO HOME RUN (Flyball, 9D), Distance : 344 ft
|
Batting: RHB Rafael Ornelas
|
0-0: Ground out 4-3 (Groundball, 4M)
|
Batting: RHB John Dorsey
|
0-0: Foul Ball, location: 2F 0-1: Ball 1-1: Called Strike 1-2: Ball 2-2: SINGLE (Groundball, 34D)
|
Batting: RHB David Crosby
|
0-0: Hit by Pitch John Dorsey to second
|
Batting: RHB Ty Ford
|
0-0: Swinging Strike 0-1: Swinging Strike 0-2: Ground out 4-3 (Groundball, 4M) John Dorsey to third David Crosby to second
|
Batting: RHB Flynn Green
|
0-0: Ball 1-0: Called Strike 1-1: Ball 2-1: Foul Ball, location: 2F 2-2: SINGLE (Line Drive, 6MD) John Dorsey scores David Crosby to third Runner from 3rd tries for Home, SAFE, throw made home
|
Batting: LHB John Frost
|
0-0: Ball 1-0: Ground out 1-3 (Groundball, 15)
|
Bottom of the 3rd over - 3 run(s), 3 hit(s), 0 error(s), 1 left on base; Purdue 0 - Virginia 5 |
TOP OF THE 4TH |
Purdue Boilermakers batting - Pitching for Virginia Cavaliers : RHP Bill Ward
|
Batting: LHB Ray Bryant
|
0-0: Ball 1-0: Ball 2-0: Foul Ball, location: 2F 2-1: Ball 3-1: Foul Ball, location: 2F 3-2: Foul Ball, location: 2F 3-2: Base on Balls
|
Batting: RHB John Martin
|
0-0: Ball Throwing error on steal attempt, E2 Ray Bryant to third 1-0: DOUBLE (Popup, 9LS) Ray Bryant scores
|
Batting: RHB Robby Lewis
|
0-0: Ball 1-0: Ball 2-0: Ball 3-0: Base on Balls
|
Batting: RHB Glenn Broadwater
|
0-0: Called Strike 0-1: Ball 1-1: SINGLE (Groundball, 5L) (infield hit) John Martin to third Robby Lewis to second
|
Batting: RHB Norm Scott
|
0-0: GRAND SLAM HOME RUN (Flyball, 89XD), Distance : 371 ft
|
Batting: SHB Ben Summers
|
0-0: Called Strike 0-1: Foul Ball, location: 2F 0-2: Ball 1-2: Fly out, F7 (Popup, 78S)
|
Batting: RHB Juan Castillo
|
0-0: Foul Ball, location: 2F 0-1: Called Strike 0-2: Ball 1-2: Ball 2-2: Foul Ball, location: 2F 2-2: Foul Ball, location: 2F 2-2: Strikes out swinging
|
Batting: RHB Bill Crawley
|
0-0: Ball 1-0: SINGLE (Groundball, 6MD)
|
Batting: LHB Richard Brooks
|
0-0: SINGLE (Flyball, 7S) Bill Crawley to second
|
Batting: LHB Ray Bryant
|
0-0: Ball 1-0: Foul Ball, location: 2F 1-1: Fly out, F6 (Popup, 6M)
|
Top of the 4th over - 5 run(s), 5 hit(s), 1 error(s), 2 left on base; Purdue 5 - Virginia 5 |
BOTTOM OF THE 4TH |
Virginia Cavaliers batting - Pitching for Purdue Boilermakers : RHP Henry Webster
|
Batting: RHB Curt Owens
|
0-0: Foul Ball, location: 2F 0-1: Ball 1-1: Called Strike 1-2: Ball 2-2: Ball 3-2: Base on Balls
|
Batting: RHB John Warren
|
0-0: Foul Ball, location: 2F 0-1: Foul Ball, location: 2F 0-2: Strikes out looking
|
Batting: LHB José Márquez
|
0-0: Grounds into double play, U6-3 (Groundball, 6M)
|
Bottom of the 4th over - 0 run(s), 0 hit(s), 0 error(s), 0 left on base; Purdue 5 - Virginia 5 |
TOP OF THE 5TH |
Purdue Boilermakers batting - Pitching for Virginia Cavaliers : RHP Bill Ward
|
Batting: RHB John Martin
|
0-0: Swinging Strike 0-1: Ball 1-1: Called Strike 1-2: Strikes out swinging
|
Batting: RHB Robby Lewis
|
0-0: Ball 1-0: Ball 2-0: Called Strike 2-1: Foul Ball, location: 2F 2-2: Ground out 6-3 (Groundball, 6M)
|
Batting: RHB Glenn Broadwater
|
0-0: SINGLE (Flyball, 8RS)
|
Batting: RHB Norm Scott
|
0-0: Ball 1-0: Foul Ball, location: 2F 1-1: Foul Ball, location: 2F 1-2: Strikes out swinging
|
Top of the 5th over - 0 run(s), 1 hit(s), 0 error(s), 1 left on base; Purdue 5 - Virginia 5 |
BOTTOM OF THE 5TH |
Virginia Cavaliers batting - Pitching for Purdue Boilermakers : RHP Henry Webster
|
Batting: RHB Rafael Ornelas
|
0-0: Called Strike 0-1: SINGLE (Line Drive, 6D)
|
Batting: RHB John Dorsey
|
0-0: Called Strike 0-1: Foul Ball, location: 2F 0-2: Ball 1-2: Ball 2-2: Ground out 4-3 (Groundball, 4M) Rafael Ornelas to second
|
Pitching: RHP Scot Wright
|
|
Batting: RHB David Crosby
|
0-0: Foul Ball, location: 2F 0-1: Ball 1-1: Swinging Strike 1-2: Ball 2-2: Fly out, F9 (Flyball, 9LM)
|
Batting: RHB Ty Ford
|
0-0: Called Strike 0-1: SINGLE (Groundball, 34D) Rafael Ornelas to third Runner from 3rd tries for Home, SAFE, no throw or cutoff
|
Batting: RHB Flynn Green
|
0-0: Called Strike 0-1: Ball 1-1: Ball 2-1: Ball 3-1: Called Strike 3-2: Foul Ball, location: 2F 3-2: Strikes out swinging
|
Bottom of the 5th over - 1 run(s), 2 hit(s), 0 error(s), 1 left on base; Purdue 5 - Virginia 6 |
TOP OF THE 6TH |
Purdue Boilermakers batting - Pitching for Virginia Cavaliers : RHP Bill Ward
|
Batting: SHB Ben Summers
|
0-0: Swinging Strike 0-1: Ground out 5-3 (Groundball, 5)
|
Batting: RHB Juan Castillo
|
0-0: Called Strike 0-1: Fly out, F8 (Flyball, 8LM)
|
Batting: RHB Bill Crawley
|
0-0: Fly out, F7 (Popup, 6D)
|
Top of the 6th over - 0 run(s), 0 hit(s), 0 error(s), 0 left on base; Purdue 5 - Virginia 6 |
BOTTOM OF THE 6TH |
Virginia Cavaliers batting - Pitching for Purdue Boilermakers : RHP Scot Wright
|
Batting: LHB John Frost
|
0-0: Ball 1-0: SINGLE (Flyball, 7S)
|
Pitching: RHP Michael Lewis
|
|
Batting: RHB Curt Owens
|
0-0: Ball 1-0: Called Strike 1-1: Ball 2-1: Ball 3-1: Fly out, F3 (Popup, 3DF)
|
Batting: RHB John Warren
|
0-0: Called Strike 0-1: SINGLE (Flyball, 78S) John Frost to second
|
Batting: LHB José Márquez
|
0-0: Ball 1-0: Ball 2-0: Foul Ball, location: 2F 2-1: Ball 3-1: Base on Balls John Frost to third John Warren to second
|
Batting: RHB Rafael Ornelas
|
0-0: Foul Ball, location: 2F 0-1: Grounds into double play, 5-4-3 (Groundball, 5)
|
Bottom of the 6th over - 0 run(s), 2 hit(s), 0 error(s), 2 left on base; Purdue 5 - Virginia 6 |
TOP OF THE 7TH |
Purdue Boilermakers batting - Pitching for Virginia Cavaliers : RHP Bill Ward
|
Batting: LHB Richard Brooks
|
0-0: Ball 1-0: Foul Ball, location: 2F 1-1: Ball 2-1: Ball 3-1: Called Strike 3-2: Foul Ball, location: 2F 3-2: Fly out, F6 (Popup, 6S)
|
Pitching: RHP Peter Ellison
|
|
Batting: LHB Ray Bryant
|
0-0: Ball 1-0: Swinging Strike 1-1: Ground out 4-3 (Groundball, 4M)
|
Batting: RHB John Martin
|
0-0: Called Strike 0-1: Ball 1-1: Swinging Strike 1-2: Ball 2-2: Strikes out looking
|
Top of the 7th over - 0 run(s), 0 hit(s), 0 error(s), 0 left on base; Purdue 5 - Virginia 6 |
BOTTOM OF THE 7TH |
Virginia Cavaliers batting - Pitching for Purdue Boilermakers : RHP Michael Lewis
|
Batting: RHB John Dorsey
|
0-0: Ball 1-0: Foul Ball, location: 2F 1-1: Ball 2-1: Swinging Strike 2-2: Fly out, F8 (Flyball, 8RM)
|
Batting: RHB David Crosby
|
0-0: SINGLE (Groundball, 6)
|
Batting: RHB Ty Ford
|
0-0: Called Strike 0-1: Foul Ball, location: 2F 0-2: Ball 1-2: Ball 2-2: Ball 3-2: Foul Ball, location: 2F 3-2: Foul Ball, location: 2F 3-2: Strikes out looking
|
Pinch Hitting: RHB Jeremy Johnston
|
0-0: Called Strike 0-1: Ball 1-1: SINGLE (Groundball, 34D) David Crosby to second Runner from 2nd tries for 3rd, SAFE, throw made to third
|
Batting: LHB John Frost
|
0-0: Called Strike 0-1: Fly out, F8 (Flyball, 89XD)
|
Bottom of the 7th over - 0 run(s), 2 hit(s), 0 error(s), 2 left on base; Purdue 5 - Virginia 6 |
TOP OF THE 8TH |
Purdue Boilermakers batting - Pitching for Virginia Cavaliers : RHP Peter Ellison
|
Pitching: RHP Joe Hopkins
|
|
Now at 2B: Jeff Land
|
|
Batting: RHB Robby Lewis
|
0-0: Ball 1-0: Called Strike 1-1: Swinging Strike 1-2: Foul Ball, location: 2F 1-2: Foul Ball, location: 2F 1-2: Reached on error, E3 (Groundball, 3)
|
Batting: RHB Glenn Broadwater
|
0-0: Ball 1-0: Ball 2-0: Foul Ball, location: 2F 2-1: Ball 3-1: Fly out, F3 (Line Drive, 3S)
|
Batting: RHB Norm Scott
|
0-0: Called Strike 0-1: Ball 1-1: Foul Ball, location: 2F 1-2: Strikes out looking
|
Batting: SHB Ben Summers
|
0-0: Called Strike 0-1: Ball 1-1: SINGLE (Line Drive, 8RS) Robby Lewis to second
|
Pinch Hitting: RHB Jeff Mason
|
0-0: Ball 1-0: Ball 2-0: Ball 3-0: Called Strike 3-1: Base on Balls Robby Lewis to third Ben Summers to second
|
Batting: RHB Bill Crawley
|
0-0: Ball 1-0: Ball 2-0: Called Strike 2-1: Fly out, F9 (Flyball, 9LM)
|
Top of the 8th over - 0 run(s), 1 hit(s), 1 error(s), 3 left on base; Purdue 5 - Virginia 6 |
BOTTOM OF THE 8TH |
Virginia Cavaliers batting - Pitching for Purdue Boilermakers : RHP Michael Lewis
|
Pitching: RHP Michael Morris
|
|
Now in CF: John Jamison
|
|
Batting: RHB Curt Owens
|
0-0: Called Strike 0-1: Ball 1-1: Foul Ball, location: 2F 1-2: Strikes out looking
|
Batting: RHB John Warren
|
0-0: Ball 1-0: Foul Ball, location: 2F 1-1: Ball 2-1: Swinging Strike 2-2: Ball 3-2: Foul Ball, location: 2F 3-2: Fly out, F7 (Flyball, 78D)
|
Batting: LHB José Márquez
|
0-0: Swinging Strike 0-1: Ball 1-1: Ball 2-1: Ball 3-1: Base on Balls
|
Batting: RHB Rafael Ornelas
|
0-0: Called Strike 0-1: Ball 1-1: 2-RUN HOME RUN (Flyball, 7LD), Distance : 321 ft
|
Batting: RHB John Dorsey
|
0-0: Ball 1-0: Ball 2-0: Called Strike 2-1: Ball 3-1: Base on Balls
|
Batting: RHB David Crosby
|
0-0: Ball 1-0: Ball 2-0: Ball 3-0: Called Strike 3-1: 2-RUN HOME RUN (Line Drive, 7LD), Distance : 344 ft
|
Batting: RHB Ty Ford
|
0-0: Called Strike 0-1: Ground out 5-3 (Groundball, 5)
|
Bottom of the 8th over - 4 run(s), 2 hit(s), 0 error(s), 0 left on base; Purdue 5 - Virginia 10 |
TOP OF THE 9TH |
Purdue Boilermakers batting - Pitching for Virginia Cavaliers : RHP Joe Hopkins
|
Now at C: David Carter
|
|
Batting: LHB Richard Brooks
|
0-0: Ball 1-0: Called Strike 1-1: Swinging Strike 1-2: Foul Ball, location: 2F 1-2: Strikes out looking
|
Batting: LHB Ray Bryant
|
0-0: Ball 1-0: Ball 2-0: Ball 3-0: Swinging Strike 3-1: Bunted foul 3-2: Foul Ball, location: 2F 3-2: Foul Ball, location: 2F 3-2: Foul Ball, location: 2F 3-2: Base on Balls
|
Batting: RHB John Martin
|
0-0: Ball 1-0: Ball 2-0: Called Strike 2-1: Foul Ball, location: 2F 2-2: Foul Ball, location: 2F 2-2: Ball 3-2: Foul Ball, location: 2F 3-2: Foul Ball, location: 2F 3-2: Grounds out, U3 (Groundball, 3L)
|
Batting: RHB Robby Lewis
|
0-0: Ball 1-0: Swinging Strike 1-1: SINGLE (Line Drive, 7LS) Ray Bryant to third Runner from 3rd tries for Home, SAFE, throw made home
|
Pitching: RHP Jimmy Love
|
|
Batting: RHB Glenn Broadwater
|
0-0: Swinging Strike 0-1: Ground out 5-3 (Groundball, 5)
|
Top of the 9th over - 1 run(s), 1 hit(s), 0 error(s), 1 left on base; Purdue 6 - Virginia 10 |
|